 Dungeon Crawl Stone Soup version 0.23.1 (webtiles) character file.

Game seed: 4619565510847639104

14 DildoBatman the Magician (level 2, -4/19 HPs)
             Began as a Formicid Wizard on Mar 12, 2019.
             Slain by a hobgoblin
             ... wielding a cursed -1 club
              (6 damage)
             ... on level 1 of the Dungeon.
             The game lasted 00:01:52 (421 turns).

DildoBatman the Magician (Formicid Wizard)           Turns: 421, Time: 00:01:53

Health: -4/19      AC:  2    Str: 11    XL:     2   Next: 60%
Magic:  0/6        EV: 12    Int: 17    God:
Gold:   8          SH:  0    Dex:  9    Spells: 6/7 levels left

rFire    . . .     SeeInvis +   i - -3 dagger (curse)
rCold    . . .     Gourm    .   (no shield)
rNeg     . . .     Faith    .   a - +0 robe
rPois    .         Spirit   .   (helmet unavailable)
rElec    .         Reflect  .   (no cloak)
rCorr    .         Harm     .   (no gloves)
MR       .....                  (no boots)
Stlth    ++........             (no amulet)
HPRegen  0.06/turn              (no ring)
MPRegen  0.10/turn              (no ring)

@: no status effects
A: permanent stasis, dig shafts and tunnels, four strong arms, antennae 3
a: Dig, Shaft Self


You were on level 1 of the Dungeon.
You were not hungry.

You visited 1 branch of the dungeon, and saw 1 of its levels.

You collected 8 gold pieces.

Inventory:

Hand Weapons
 b - a +0 dagger of speed
 d - a +0 short sword
 i - a cursed -3 dagger (weapon)
 k - a +1 hand axe of electrocution
Missiles
 h - 7 stones (quivered)
Armour
 a - a +0 robe (worn)
Jewellery
 e - an uncursed ring of ice
Scrolls
 c - a scroll of enchant armour {unknown}
 j - 2 scrolls of remove curse {unknown}
Potions
 g - a potion of degeneration {unknown}
Comestibles
 f - 5 chunks of flesh
 v - 2 rations


   Skills:
 - Level 1.7 Dodging
 - Level 2.4 Stealth
 - Level 3.2 Spellcasting
 * Level 2.2 Conjurations
   Level 1.0 Summonings
   Level 0.8 Translocations


You had 6 spell levels left.
You knew the following spells:

 Your Spells              Type           Power        Failure   Level  Hunger
c - Magic Dart            Conj           ##..         7%          1    None

Your spell library contained the following spells:

 Spells                   Type           Power        Failure   Level  Hunger
 Call Imp                 Summ           #.......     17%         2    ##.....
 Slow                     Hex            #.......     26%         2    ##.....
 Conjure Flame            Conj/Fire      #.......     32%         3    ###....
 Mephitic Cloud           Conj/Pois/Air  #.......     36%         3    ###....
 Blink                    Tloc           Unusable     N/A         2    N/A

Dungeon Overview and Level Annotations

Branches:
Dungeon (1/15)

Altars:


Innate Abilities, Weirdness & Mutations

You cannot be hasted, slowed, berserked, paralysed or teleported.
You can dig through walls and to a lower floor.
Your four strong arms can wield two-handed weapons with a shield.
You have a pair of large antennae on your head. (SInv)


Message History

The magic dart hits the hobgoblin.
The hobgoblin is heavily wounded.
The hobgoblin barely misses you.
Casting: Magic Dart (safe; 7% risk of failure)
Confirm with . or Enter, or press ? or * to list all spells.
Aiming: Magic Dart (safe; 7% risk of failure)
Press: ? - help, Shift-Dir - straight line, f/p - hobgoblin
Aim: a hobgoblin, wielding a -1 club (heavily wounded)
The magic dart hits the hobgoblin.
The hobgoblin is severely wounded.
The hobgoblin hits you with a cursed -1 club.
Casting: Magic Dart (safe; 7% risk of failure)
Confirm with . or Enter, or press ? or * to list all spells.
Aiming: Magic Dart (safe; 7% risk of failure)
Press: ? - help, Shift-Dir - straight line, f/p - hobgoblin
Aim: a hobgoblin, wielding a -1 club (severely wounded)
The magic dart hits the hobgoblin.
The hobgoblin is almost dead.
The hobgoblin hits you with a cursed -1 club.
You die...

#.# #.#.#.# #.# #.#
#.#.#.# #.# # #.# #.#.#.#
#.# # #.# #.#.#.# #.# #
#.# #.#.#.# #.# ###.#
#.#.#.## #K# ....#
#.#.#..## #.#
.##.###.#.#...########.#
........รท.......@gK....#
..#########...##########
..# ##.## ### ###


You could see a hobgoblin and a kobold.

Vanquished Creatures
  2 giant cockroaches (D:1)
  2 goblins (D:1)
  A hobgoblin (D:1)
  4 bats (D:1)
  3 kobolds (D:1)
  3 rats (D:1)
15 creatures vanquished.

Notes
Turn   | Place    | Note
-------+----------+-------------------------------------------
     0 | D:1      | DildoBatman the Formicid Wizard began the quest for the
                  | Orb.
     0 | D:1      | Reached XP level 1. HP: 13/13 MP: 4/4
    46 | D:1      | Reached skill level 1 in Conjurations
   126 | D:1      | Reached XP level 2. HP: 7/19 MP: 6/6
   421 | D:1      | Slain by a hobgoblin

Skill      XL: |  1  2 |
---------------+-------+-----
Conjurations   | 1 2 |  2.2
Dodging        | |  1.7
Stealth        | |  2.4
Spellcasting   | |  3.2
Summonings     | |  1.0
Translocations | |  0.8

Action                   || total
-------------------------++-------
Melee: Short sword       ||    32
       Dagger            ||    13
 Cast: Magic Dart        ||    24
 Abil: Dig               ||     1
Armor: Plate armour      ||    19
       Robe              ||    11
Dodge: Dodged            ||    36
